cohdb
Replays
Latest Replays
All Replays
Popular Replays
Top Player Replays
Match Explorer
How It Works
Community
CoH3 Stats
Reddit
Sign in to upload your games and track your stats! →
Sign in with Steam
Match 45636960
Unlisted
Match 45636960
Overview
Messages
Build Orders
End
Selects Special Operations Battlegroup
Construct Weapon Support Center
M1919 Machine Gun Team
M1919 Machine Gun Team
Engineer Squad
Infantry Support Center
M1919 Machine Gun Team
Selects Raiding Flares
M3 Armored Personnel Carrier
.30 cal Machine Gun
Construct Medical Station
Meat Poop
A Real Human Bean
RitraXP
☭MrGamer☭
Schiz
Electron
cowald
Kimroot
0
0
Comments
sign in to comment!
No comments posted yet!